 Dungeon Crawl Stone Soup version 0.32-a0-872-g59262bdc9b (webtiles) character file.

Game seed: 14369321698795019519

1406 Heh the Fighter (level 8, -17/61 HPs)
             Began as an Octopode Fighter on Mar 31, 2024.
             Was an Initiate of Gozag.
             Demolished by an ogre
             ... wielding a +0 giant club
              (35 damage)
             ... on level 5 of the Dungeon.
             The game lasted 00:06:18 (4059 turns).

Heh the Fighter (Octopode Fighter)                  Turns: 4059, Time: 00:06:21

Health: -17/61     AC: -5    Str: 16    XL:     8   Next: 70%
Magic:  8/8        EV: 14    Int: 16    God:    Gozag
Gold:   127        SH:  4    Dex: 13    Spells: 7/7 levels left

rFire   . . .        a - +0 long sword
rCold   . . .        b - +0 buckler
rNeg    . . .        w - +2 hat
rPois   .            n - amulet of regeneration
rElec   .            p - ring of flight
rCorr   .            z - +6 ring of intelligence
SInv    .            (no ring)
Will    .....        (no ring)
Stlth   ++           (no ring)
HPRegen 1.10/turn    (no ring)
MPRegen 0.11/turn    (no ring)
                     (no ring)

%: no passive effects
@: corroded, gold aura, flying
A: almost no armour, amphibious, 8 rings, camouflage 1, gelatinous body 1,
(nimble swimmer 1), tentacles
a: Renounce Religion, Potion Petition, Call Merchant, Bribe Branch


You were on level 5 of the Dungeon.
You worshipped Gozag.
Gozag was aware of your devotion.
You visited 2 branches of the dungeon, and saw 6 of its levels.

You collected 251 gold pieces.
You spent 39 gold pieces at shops.
You paid 85 gold pieces to Gozag.

Inventory:

Hand Weapons
 a - a +0 long sword (weapon)
Armour
 b - a +0 buckler (worn)
 w - a +2 hat (worn)
Jewellery
 h - a ring of ice
 n - an amulet of regeneration (around mantle)
 p - a ring of flight (left tentacle)
 z - a +6 ring of intelligence (right tentacle)
Wands
 D - a wand of flame (8)
 E - a wand of mindburst (11)
Scrolls
 d - 2 scrolls of butterflies
 f - 4 scrolls of poison {unknown}
 i - a scroll of amnesia {unknown}
 j - a scroll of enchant armour
 o - a scroll of blinking {unknown}
 r - a scroll of noise {unknown}
 s - 2 scrolls of torment {unknown}
 v - a scroll of revelation {unknown}
 y - a scroll of fog {unknown}
 A - a scroll of silence {unknown}
 B - 2 scrolls of immolation {unknown}
 C - a scroll of teleportation {unknown}
Potions
 c - a potion of might
 e - 3 potions of magic {unknown}
 k - 2 potions of haste {unknown}
 l - a potion of degeneration
 m - a potion of resistance {unknown}
 q - 2 potions of curing
 t - 2 potions of brilliance {unknown}
 u - a potion of cancellation {unknown}
 x - a potion of attraction {unknown}
 F - 2 potions of invisibility {unknown}


   Skills:
 + Level 8.2 Fighting
 - Level 2.0 Long Blades
 + Level 7.7 Dodging
 - Level 3.0 Shields


You had 7 spell levels left.
You didn't know any spells.
Your spell library contained the following spells:

 Spells                   Type           Power      Damage    Failure   Level
 Kiss of Death            Conj/Necr      0%         2d5       32%         1
 Magic Dart               Conj           0%         1d3       32%         1
 Slow                     Hex            0%         N/A       32%         1
 Blink                    Tloc           0%         N/A       43%         2
 Call Imp                 Summ           0%         N/A       43%         2
 Jinxbite                 Hex            0%         N/A       43%         2
 Call Canine Familiar     Summ           0%         N/A       67%         3
 Confusing Touch          Hex            0%         N/A       67%         3
 Sigil of Binding         Hex            0%         N/A       67%         3
 Vampiric Draining        Necr           0%         2d6       67%         3
 Dimensional Bullseye     Hex/Tloc       0%         N/A       97%         4
 Dispel Undead            Necr           0%         3d6       97%         4
 Yara's Violent Unravell  Hex/Alch       0%         3d3       100%        5
 Enfeeble                 Hex            0%         N/A       100%        7


Dungeon Overview and Level Annotations

Branches:
Dungeon (5/15)             Temple (1/1) D:5

Altars:
Ashenzari
Cheibriados
Dithmenos
Fedhas
Gozag
Hepliaklqana
Kikubaaqudgha
Makhleb
Nemelex Xobeh
Okawaru
Qazlal
Ru
Sif Muna
Trog
Uskayaw
Vehumet
Wu Jian
Xom
Yredelemnul
Zin
The Shining One

Shops:
D:2 *


Innate Abilities, Weirdness & Mutations

You cannot wear most types of armour.
You are amphibious.
You can wear up to eight rings at the same time.
Your skin changes colour to match your surroundings (Stealth+).
Your rubbery body absorbs attacks. (AC +1, EV +1)
((You are camouflaged when in or above water. (Stealth+)))
You have tentacles for arms and can constrict up to eight enemies at once.


Message History

Okay, then.
You are corroded.
You are flying.
You have 3 tentacles available for constriction.
You are constricting an iguana.
Your flying speed is average.
Your attack delay is about 1.3.
Your damage rating with your +0 long sword is about 12 (Base 10 x 107% (Dex) x 118% (Skill)).
Your base attributes are Str 16, Int 10, Dex 13.
You hit the iguana but do no damage.
The iguana is heavily wounded.
You constrict the iguana!
You kill the iguana!
The phantom is no longer distracted by gold.
You hit the black bear. Your grab misses the black bear.
The black bear is lightly wounded.
The scorpion is no longer distracted by gold.
The black bear is distracted by your dazzling golden aura.
The scorpion is distracted by your dazzling golden aura.
The ogre is distracted by your dazzling golden aura.
The black bear growls angrily.
The ogre shouts!
You hit the black bear but do no damage.
The black bear is no longer distracted by gold.
Your grab misses the black bear. You squeeze the black bear!
The black bear is heavily wounded.
The black bear bites you! The black bear claws you.
* * * LOW HITPOINT WARNING * * *
The black bear claws you.
* * * LOW HITPOINT WARNING * * *
You hit the black bear but do no damage.
You grab the black bear.
You squeeze the black bear, but do no damage.
The black bear is heavily wounded.
You constrict the black bear. You block the black bear's attack. x2
The black bear completely misses you.
You hit the black bear. You squeeze the black bear.
You kill the black bear!
The scorpion is no longer distracted by gold.
The ogre is no longer distracted by gold.
The ogre hits you with a +0 giant club!!
Ouch! That really hurt!
You die...
Your body crumbles into a pile of gold.

...####)....#### ....###'''###.#
#.......##)########
#.................#
#.###...####.....####.#.#
#>......#? ##...##.!#.#.#
#####...#l. ##.##...#.#.#
#...##Sh #.#...##.#.# #
#....##.'#.#@.##..#.# #
#<#.....###.WO###...#.# #
###.#......$..ßs........# #
......#...###...###.....# #
#.....#..##..#.#'.##..#.# #
........##...#.#...##.#.## #
#.....#.#...##.##...#....########
#.....#.#$.##...##.$#............
###.....####.....####..........#.


You could see an ogre, a phantom and a scorpion.

Vanquished Creatures
  Sigmund (D:5)
  A yak (D:5)
  A water moccasin (D:5)
  An ice beast (D:5)
  A black bear (D:5)
  2 ogres (D:4)
  A bullfrog (D:5)
  4 bombardier beetles
  A howler monkey (D:5)
  A hound (D:5)
  An orc priest (D:4)
  2 jellies
  A gnoll bouda (D:5)
  2 iguanas
  Ijyb (D:5)
  An orc wizard (D:3)
  7 gnolls
  7 adders
  2 dart slugs
  5 ribbon worms
  15 orcs
  6 endoplasms
  7 giant cockroaches
  11 goblins
  11 hobgoblins
  6 jackals
  2 kobolds
  3 quokkas
  9 ball pythons
  3 bats
  4 frilled lizards
  9 rats
  A spectral orc (D:4)
130 creatures vanquished.

Notes
Turn   | Place    | Note
-------+----------+-------------------------------------------
     0 | D:1      | Heh the Octopode Fighter began the quest for the Orb.
     0 | D:1      | Reached XP level 1. HP: 16/16 MP: 1/1
   190 | D:1      | Reached XP level 2. HP: 15/21 MP: 2/2
   467 | D:1      | Reached skill level 4 in Fighting
   491 | D:1      | Reached XP level 3. HP: 26/27 MP: 3/3
  1384 | D:2      | Reached XP level 4. HP: 28/34 MP: 4/4
  1608 | D:2      | Found Lackaenu's General Store.
  1616 | D:2      | Bought a potion of curing for 39 gold pieces
  2016 | D:3      | Reached XP level 5. HP: 38/38 MP: 5/5
  2208 | D:3      | Reached skill level 5 in Fighting
  2882 | D:4      | Reached XP level 6. HP: 42/45 MP: 6/6
  2965 | D:4      | Reached skill level 5 in Dodging
  2973 | D:4      | Reached skill level 6 in Fighting
  2973 | D:4      | Reached XP level 7. HP: 50/52 MP: 7/7
  3125 | D:4      | Found a hide-covered altar of Uskayaw.
  3126 | D:4      | Found a sacrificial altar of Ru.
  3332 | D:4      | Found a broken altar of Ashenzari.
  3431 | D:4      | Found a hazy altar of Hepliaklqana.
  3631 | D:5      | Entered Level 5 of the Dungeon
  3657 | D:5      | Noticed Sigmund
  3663 | D:5      | Killed Sigmund
  3666 | D:5      | Reached skill level 7 in Fighting
  3673 | D:5      | Reached XP level 8. HP: 37/60 MP: 8/8
  3696 | D:5      | Noticed Ijyb
  3705 | D:5      | Killed Ijyb
  3879 | D:5      | Found a staircase to the Ecumenical Temple.
  3896 | Temple   | Entered the Ecumenical Temple
  3904 | Temple   | Became a worshipper of Gozag Ym Sagoz the Greedy
  4018 | D:5      | Noticed a yak
  4042 | D:5      | Killed a yak
  4043 | D:5      | Reached skill level 8 in Fighting
  4059 | D:5      | Demolished by an ogre

Illustrated notes

Levels and vault maps discovered:
D:1:      dpeg_arrival_round_c, layout_basic
D:2:      minmay_inner_zag, layout_basic, serial_shops, nicolae_shop_peninsula
D:3:      layout_basic, mrwooster_statue_mirror,
          hangedman_abyss_or_decor_lesser_grid, corexii_leaking_fountain,
          minivault_11
D:4:      layout_gridville, mainiacjoe_overflow_divided_tiny,
          nicolae_hepliaklqana_monster_ancestors, evilmike_ruin_ashenzari,
          nrook_mini_vaults, minmay_starry_boxes
D:5:      cheibrodos_barr_body, layout_loops_ring, general_overflow_altar,
          minmay_temple_entry_offerings, serial_bayou, serial_bayou_shore_b,
          serial_bayou_pond_c, serial_bayou_lagoon_a, serial_bayou_pond_d,
          serial_bayou_lagoon_b, kennysheep_donut, uniq_ijyb, uniq_sigmund
Temple:   sentei_temple_godly_chess

Skill      XL: |  1  2  3  4  5  6  7  8 |
---------------+-------------------------+-----
Fighting       | 4 5 6 7 8 |  8.2
Dodging        | 4 5 6 7 |  7.7
Long Blades    | |  2.0
Shields        | |  3.0

Action                     |  1- 3 |  4- 6 |  7- 9 || total
---------------------------+-------+-------+-------++-------
  Melee: Long sword        |    65 |   100 |   113 ||   278
         Tentacles         |    20 |    21 |    31 ||    72
         Constrict         |    17 |    22 |    28 ||    67
    Use: Scroll            |       |     4 |       ||     4
         Potion            |       |     1 |     4 ||     5
   Stab: Sleeping          |     6 |    13 |     5 ||    24
 Armour: Skin              |    30 |    48 |    64 ||   142
  Dodge: Dodged            |    35 |    50 |    65 ||   150
  Block: Buckler           |    10 |    14 |    23 ||    47

Table legend: (Time is in decaauts)
 A = Elapsed time spent in this place.
 B = Non-inter-level travel time spent in this place.
 C = Inter-level travel time spent in this place.
 D = Time resting spent in this place.
 E = Time spent auto-exploring this place.
 F = Levels seen in this place.
 G = Mean time per level.
                   A        B        C        D        E       F      G
               +--------+--------+--------+--------+--------+-----+--------+
         Total |   4151 |   3929 |    222 |      0 |   3080 |   6 |  691.8 |
       Dungeon |   4138 |   3920 |    218 |      0 |   3080 |   5 |  827.6 |
        Temple |     12 |      8 |      4 |      0 |      0 |   1 |   12.0 |
               +--------+--------+--------+--------+--------+-----+--------+

Top non-repeatable levels by time:
     D:2: 1002 daAuts
     D:1: 977 daAuts
     D:3: 945 daAuts
     D:4: 773 daAuts
     D:5: 440 daAuts
  Temple: 12 daAuts
